 Dungeon Crawl Stone Soup version 0.30-a0-779-g7971cf19c3 (webtiles) character file.

Game seed: 4918573281001557682

10713 Twinkles the Grappler (level 11, -11/88 (109) HPs)
             Began as a Troll Hexslinger on Feb 17, 2023.
             Was a Priest of Ru.
             Mangled by Urug
             ... wielding a +1 great sword of draining
              (16 damage)
             ... on level 1 of the Lair of Beasts.
             The game lasted 00:37:02 (8444 turns).

Twinkles the Grappler (Troll Hexslinger)            Turns: 8444, Time: 00:37:02

HP:   -11/88 (109)  AC:  9    Str: 24    XL:     11   Next: 39%
MP:   11/11         EV: 11    Int:  9    God:    Ru [***...]
Gold: 541           SH:  0    Dex: 10    Spells: 11/12 levels left

rFire   + . .      SeeInvis .      - Unarmed
rCold   . . .      Faith    .    (no shield)
rNeg    . . .      Spirit   .    J - +0 acid dragon scales
rPois   .          Reflect  .    (helmet restricted)
rElec   .          Harm     .    H - +0 cloak
rCorr   +          Rampage  .    (gloves unavailable)
Will    .....                    (boots unavailable)
Stlth   +                        (no amulet)
HPRegen 1.14/turn                w - +4 ring of slaying
MPRegen 0.12/turn                A - ring of protection from fire

@: mighty, exhausted, heavily drained, unable to drink
A: large, unfitting armour, claws 3, regeneration 1, shaggy fur 1, tough skin 1,
inability to drink after injury 2, inability to use devices
a: Renounce Religion, Draw Out Power


You were on level 1 of the Lair of Beasts.
You worshipped Ru.
Ru was most pleased with you.
You visited 3 branches of the dungeon, and saw 11 of its levels.

You collected 541 gold pieces.

Inventory:

Hand Weapons
 a - a +2 sling
 c - a +1 dagger of electrocution
 g - a +4 battleaxe
 q - a +0 dagger of venom
 r - a +1 whip of flaming
Missiles
 d - 34 poisoned darts
 o - 4 large rocks
 C - a curare-tipped dart
Armour
 h - the +0 robe of the Unseen Realm {rPois}
   (You found it on level 5 of the Dungeon)

   rPois:     It protects you from poison.
 F - +0 steam dragon scales
 H - a +0 cloak (worn)
 J - +0 acid dragon scales (worn)
 L - a +0 robe of cold resistance
Jewellery
 m - a ring of fire
 n - a ring of ice
 w - a +4 ring of slaying (left claw)
 A - a ring of protection from fire (right claw)
 I - an amulet of regeneration
Scrolls
 b - 2 scrolls of poison
 f - 2 scrolls of enchant weapon
 j - a scroll of amnesia {unknown}
 p - a scroll of butterflies {unknown}
 v - 2 scrolls of acquirement
 y - a scroll of fog {unknown}
 D - 2 scrolls of blinking
 E - a scroll of fear
 G - 2 scrolls of teleportation {unknown}
 K - 4 scrolls of immolation
 V - 2 scrolls of vulnerability
 X - 2 scrolls of magic mapping
Potions
 e - 2 potions of mutation {unknown}
 i - 3 potions of degeneration {unknown}
 l - a potion of flight {unknown}
 s - a potion of magic {unknown}
 t - 2 potions of ambrosia {unknown}
 u - a potion of invisibility {unknown}
 x - 3 potions of heal wounds {unknown}
 z - a potion of attraction {unknown}
 B - 4 potions of brilliance
 M - 4 potions of might
 T - 3 potions of berserk rage


   Skills:
 + Level 7.1 Fighting
 - Level 1.3 Ranged Weapons
 + Level 6.6 Throwing
 + Level 7.2 Dodging
 + Level 11.4 Unarmed Combat
 - Level 1.0 Spellcasting
 - Level 2.0 Hexes


You had 11 spell levels left.
You knew the following spells:

 Your Spells              Type           Power      Damage    Failure   Level
a - Slow                  Hex            16%        N/A       21%         1

Your spell library contained the following spells:

 Spells                   Type           Power      Damage    Failure   Level
 Beastly Appendage        Tmut           0%         N/A       43%         1
 Kiss of Death            Conj/Necr      0%         2d5       43%         1
 Sting                    Tmut/Pois      0%         1d3       43%         1
 Cigotuvi's Dreadful Rot  Necr/Pois/Air  0%         N/A       56%         2
 Poisonous Vapours        Pois/Air       0%         N/A       56%         2
 Static Discharge         Conj/Air       0%         2-2/arc   56%         2
 Wereblood                Tmut           0%         N/A       56%         2
 Inner Flame              Hex/Fire       2%         N/A       67%         3
 Portal Projectile        Hex/Tloc       4%         N/A       67%         3
 Ignite Poison            Fire/Tmut/Pois 0%         N/A       80%         3
 Kindle Blastsparks       Fire/Tloc/Air  0%         2d10      80%         3
 Mephitic Cloud           Conj/Pois/Air  0%         N/A       80%         3
 Spider Form              Tmut/Pois      0%         N/A       80%         3
 Vhi's Electric Charge    Tloc/Air       0%         N/A       80%         3
 Cause Fear               Hex            2%         N/A       90%         4
 Olgreb's Toxic Radiance  Pois           0%         N/A       99%         4
 Arcjolt                  Conj/Air       0%         1d10      100%        5
 Freezing Cloud           Conj/Ice/Air   0%         6-21      100%        5
 Lightning Bolt           Conj/Air       0%         1d11      100%        5
 Conjure Ball Lightning   Conj/Air       0%         3x3d6     100%        6
 Discord                  Hex            2%         N/A       100%        8
 Disjunction              Tloc           0%         N/A       100%        8


Dungeon Overview and Level Annotations

Branches:
Dungeon (9/15) Zot: 25887  Temple (1/1) D:4 Zot: 5883    Lair (1/5) D:9 Zot: 5697
    Orc: D:9-12

Altars:
Ashenzari
Cheibriados
Dithmenos
Elyvilon
Fedhas
Gozag
Hepliaklqana
Kikubaaqudgha
Makhleb
Nemelex Xobeh
Okawaru
Ru
Sif Muna
Trog
Uskayaw
Vehumet
Wu Jian
Xom
Yredelemnul
Zin
The Shining One

Shops:
D:4 =   D:7 =

Annotations:
D:8 Erica
Lair:1 1 transporter, Urug


Innate Abilities, Weirdness & Mutations

You are too large for most types of armour.
You have claws for hands.
Your natural rate of healing is unusually fast.
You are covered in fur. (AC +1)
You have tough skin. (AC +1)
You sometimes lose the ability to drink potions when taking damage.
You cannot study or use magical devices.


Message History

You mangle the wolf!!
You kill the wolf! 2 yaks come into view.
As you read the scroll labelled ZACOXZ COBUQ, it crumbles to dust.
You assume a fearsome visage.
The yak looks frightened! x2
It was a scroll of fear.
E - 2 scrolls of fear;
g - a +4 battleaxe This is a scroll of acquirement!
You feel very mighty all of a sudden.
You barely miss Urug.
Urug hits you with a +1 great sword of draining!
You feel threatened and lose the ability to drink potions!
You feel drained.
You are restored by drawing out deep reserves of power within.
You feel drained. Urug misses you.
You closely miss Urug. You claw Urug!
Urug is lightly wounded.
Urug hits you with a +1 great sword of draining!!
You feel drained.
You closely miss Urug.
Urug is lightly wounded.
You barely miss Urug.
Urug is lightly wounded.
Urug hits you with a +1 great sword of draining!
You feel drained.
You claw Urug!
Urug is moderately wounded.
A yak comes into view.
Urug closely misses you.
The yak bellows!
You claw Urug! You claw Urug!!
Urug is severely wounded.
Urug hits you with a +1 great sword of draining!!
* * * LOW HITPOINT WARNING * * *
You feel drained.
* * * LOW HITPOINT WARNING * * *
As you read the scroll of fear, it crumbles to dust.
You assume a fearsome visage.
Urug resists with almost no effort.
Urug hits you with a +1 great sword of draining!
You die...

P.#.....# ...#.....#.
.......^### ...#.....#.
#...†..####..#.....+.
#...!....†...#.....#)
#.####.......#.....#.
#.......#.......
##.............. ..#
####......####.#..
##...#@##..............
........o†.####.###.#+#.
##.##.####.#............
... ..#............ ...
.#.#............ #...Y
..#.#.......~~P~. #...
#.#.......~~~P~ #.Y.
#..###+##PP~~~~ ..
..~PPP~


You could see Urug and 2 yaks.

Vanquished Creatures
  A tengu warrior (D:8)
  Pikel (D:6)
  Joseph (D:8)
  Maurice (D:7)
  A black mamba (D:9)
  5 blink frogs (Lair:1)
  Prince Ribbit (Lair:1)
  9 yaks
  A wyvern (Lair:1)
  A steam dragon (D:8)
  3 acid dragons
  3 wargs (D:9)
  4 water moccasins
  2 sky beasts
  2 black bears (D:8)
  2 orc warriors (D:8)
  2 ice beasts
  4 wolves (Lair:1)
  3 centaurs
  4 lemures (D:5)
  3 kobold brigands
  7 bullfrogs
  A necrophage (D:8)
  3 scorpions
  13 wights
  11 killer bees (D:9)
  An electric eel (D:6)
  3 howler monkeys
  2 jellies
  2 gnoll boudas
  3 orc priests
  5 iguanas
  Natasha (thrice) (D:4)
  10 orc wizards
  5 adders
  17 gnolls
  A white imp (D:7)
  An ufetubus (D:6)
  A worm (D:4)
  2 dart slugs
  24 orcs
  6 bats
  3 endoplasms
  2 giant cockroaches
  4 goblins
  8 hobgoblins
  3 jackals (D:1)
  2 quokkas
  7 ball pythons
  6 frilled lizards
  22 kobolds
  7 rats
239 creatures vanquished.

Vanquished Creatures (others)
  A cyclops (D:8)
  A cane toad (D:9)
  A blink frog (Lair:1)
  An ogre (D:6)
  An orc wizard (D:8)
  A fungus (D:1)
  4 plants
10 creatures vanquished.

Grand Total: 249 creatures vanquished

Notes
Turn   | Place    | Note
-------+----------+-------------------------------------------
     0 | D:1      | Twinkles the Troll Hexslinger began the quest for the Orb.
     0 | D:1      | Reached XP level 1. HP: 18/18 MP: 1/1
   111 | D:1      | Reached skill level 1 in Fighting
   120 | D:1      | Reached XP level 2. HP: 27/27 MP: 2/2
   167 | D:1      | Reached skill level 1 in Unarmed Combat
   200 | D:1      | Found a faded altar of an unknown god.
   208 | D:1      | Got Plato's Folio of the Catacomb
   652 | D:2      | Reached XP level 3. HP: 33/33 MP: 3/3
   987 | D:2      | Reached skill level 2 in Unarmed Combat
  1454 | D:3      | Reached XP level 4. HP: 41/41 MP: 4/4
  2121 | D:4      | Noticed Natasha
  2133 | D:4      | Killed Natasha
  2134 | D:4      | Reached skill level 3 in Unarmed Combat
  2134 | D:4      | Reached XP level 5. HP: 38/49 MP: 5/5
  2228 | D:4      | Found Gaiderytz's Jewellery Shop.
  2372 | D:4      | Noticed Natasha
  2382 | D:4      | Killed Natasha
  2390 | D:4      | Found a staircase to the Ecumenical Temple.
  2428 | Temple   | Entered the Ecumenical Temple
  2535 | Temple   | Became a worshipper of Ru the Awakened
  2709 | D:4      | Noticed Natasha
  2714 | D:4      | Killed Natasha
  2715 | D:4      | Reached skill level 4 in Unarmed Combat
  2715 | D:4      | Reached XP level 6. HP: 51/59 MP: 6/6
  3087 | D:4      | Found a bloodstained altar of Trog.
  3087 | D:4      | Found an opulent altar of Gozag.
  3270 | D:5      | Entered Level 5 of the Dungeon
  3422 | D:5      | Identified the +0 robe of the Unseen Realm {rPois}
  3447 | D:5      | Reached XP level 7. HP: 66/66 MP: 7/7
  3462 | D:5      | Reached skill level 5 in Unarmed Combat
  3844 | D:6      | Noticed Pikel
  3883 | D:5      | Gained mutation: You cannot study or use magical devices.
                  | [Ru sacrifice]
  3883 | D:5      | Reached * piety under Ru
  3883 | D:5      | Reached ** piety under Ru
  4027 | D:6      | Killed Pikel
  4028 | D:6      | Reached skill level 6 in Unarmed Combat
  4028 | D:6      | Reached XP level 8. HP: 78/78 MP: 8/8
  4098 | D:6      | Reached skill level 7 in Unarmed Combat
  4481 | D:6      | Found a broken altar of Ashenzari.
  4514 | D:6      | Found an iron altar of Okawaru.
  4559 | D:6      | Reached skill level 8 in Unarmed Combat
  4575 | D:6      | Reached skill level 5 in Dodging
  4901 | D:7      | Reached XP level 9. HP: 87/87 MP: 9/9
  5108 | D:7      | Reached skill level 5 in Fighting
  5182 | D:7      | Found Aziujyf's Jewellery Emporium.
  5733 | D:8      | Reached skill level 9 in Unarmed Combat
  5772 | D:8      | Noticed Maurice
  5945 | D:8      | Noticed a tengu warrior
  5952 | D:8      | HP: 23/88 [tengu warrior/+0 war axe (4)]
  5953 | D:8      | Killed a tengu warrior
  5954 | D:8      | Reached skill level 10 in Unarmed Combat
  5959 | D:8      | HP: 21/89 [water moccasin (5)]
  6061 | D:8      | Gained mutation: You occasionally lose the ability to drink
                  | potions when taking damage. [Ru sacrifice]
  6061 | D:8      | Gained mutation: You sometimes lose the ability to drink
                  | potions when taking damage. [Ru sacrifice]
  6061 | D:8      | Reached *** piety under Ru
  6104 | D:8      | Noticed a cyclops
  6110 | D:8      | Killed a cyclops
  6111 | D:8      | Reached XP level 10. HP: 80/98 MP: 10/10
  6124 | D:8      | HP: 26/94 [black bear (6)]
  6221 | D:8      | Noticed Joseph
  6241 | D:8      | Killed Joseph
  6355 | D:7      | Killed Maurice
  6467 | D:8      | Reached skill level 11 in Unarmed Combat
  6653 | D:8      | Noticed Erica
  7016 | D:9      | Reached skill level 1 in Throwing
  7238 | D:9      | Found a staircase to the Lair.
  7457 | D:9      | Reached skill level 5 in Throwing
  7513 | D:9      | Reached XP level 11. HP: 80/107 MP: 11/11
  7662 | D:9      | Found a radiant altar of Vehumet.
  8026 | Lair:1   | Entered Level 1 of the Lair of Beasts
  8287 | Lair:1   | Noticed Prince Ribbit
  8309 | Lair:1   | Killed Prince Ribbit
  8345 | Lair:1   | Found a transporter.
  8420 | Lair:1   | Noticed Urug
  8436 | Lair:1   | Identified 2 scrolls of acquirement
  8443 | Lair:1   | HP: 18/94 [Urug/+1 great sword of draining (31)]
  8443 | Lair:1   | HP: 3/88 [Urug/+1 great sword of draining (15)]
  8444 | Lair:1   | Mangled by Urug

Illustrated notes

Levels and vault maps discovered:
D:1:      spicycebolla_green_bress_n_ham_2, layout_loops_cross,
          shapermc_ecumenical_altar_rom_forum
D:2:      layout_basic, minmay_misc_feat_plants
D:3:      layout_loops_ring, chequers_serial_rivers_micro_e
D:4:      layout_basic, nicolae_overflow_two_pavilions, temple_statues,
          serial_shops, shop, uniq_natasha
D:5:      layout_cave_pools
D:6:      layout_layer_cave, nicolae_overflow_squiral, skrybe_limestone_x,
          uniq_pikel
D:7:      layout_basic, serial_shops, nicolae_lakefront_shop
D:8:      minmay_opposing_rooms, layout_basic, uniq_maurice, uniq_erica,
          uniq_joseph
D:9:      layout_rooms, nicolae_vehumet_altar_sigil, erik_lair_orcish_takeover
Temple:   nicolae_temple_superstar
Lair:1:   gammafunk_worm_tunnel, layout_chaotic_city, serial_bayou_lagoon_b,
          serial_bayou_shore_a, grunt_megastairs_1, uniq_prince_ribbit2,
          uniq_urug

Skill      XL: |  1  2  3  4  5  6  7  8  9 10 11 |
---------------+----------------------------------+-----
Fighting       | 1 2 3 4 6 7 |  7.1
Unarmed Combat | 1 2 3 4 6 8 10 11 | 11.4
Dodging        | 2 3 4 5 6 7 |  7.2
Throwing       | 5 6 |  6.6
Ranged Weapons | |  1.3
Spellcasting   | |  1.0
Hexes          | |  2.0

Action                     |  1- 3 |  4- 6 |  7- 9 | 10-12 || total
---------------------------+-------+-------+-------+-------++-------
  Melee: Unarmed           |    12 |   119 |   168 |   218 ||   517
         Punch             |       |     3 |     7 |    20 ||    30
   Fire: Sling             |   142 |       |    99 |    70 ||   311
   Cast: Slow              |     2 |       |       |     4 ||     6
 Invoke: Sacrifice Artific |       |       |     1 |       ||     1
         Sacrifice Drink   |       |       |     1 |       ||     1
         Draw Out Power    |       |       |       |     3 ||     3
    Use: Scroll            |       |     2 |     2 |     6 ||    10
         Potion            |       |       |       |     1 ||     1
   Stab: Sleeping          |       |     1 |       |     1 ||     2
         Invisible         |       |       |     2 |     2 ||     4
 Armour: Robe              |    40 |    26 |    25 |    10 ||   101
         Steam dragon scal |       |       |       |    26 ||    26
         Acid dragon scale |       |       |       |    18 ||    18
  Dodge: Dodged            |    54 |    48 |    76 |   116 ||   294

Table legend: (Time is in decaauts)
 A = Elapsed time spent in this place.
 B = Non-inter-level travel time spent in this place.
 C = Inter-level travel time spent in this place.
 D = Time resting spent in this place.
 E = Time spent auto-exploring this place.
 F = Levels seen in this place.
 G = Mean time per level.
                   A        B        C        D        E       F      G
               +--------+--------+--------+--------+--------+-----+--------+
         Total |   8429 |   7830 |    599 |    512 |   5255 |  11 |  766.3 |
       Dungeon |   8010 |   7454 |    556 |    487 |   5066 |   9 |  890.0 |
        Temple |    116 |     90 |     26 |      0 |     73 |   1 |  116.0 |
          Lair |    302 |    285 |     17 |     25 |    116 |   1 |  302.0 |
               +--------+--------+--------+--------+--------+-----+--------+

Top non-repeatable levels by time:
     D:8: 1314 daAuts
     D:4: 1126 daAuts
     D:9: 1112 daAuts
     D:6: 879 daAuts
     D:7: 794 daAuts
     D:2: 770 daAuts
     D:3: 726 daAuts
     D:1: 674 daAuts
     D:5: 610 daAuts
  Lair:1: 302 daAuts
  Temple: 116 daAuts
